 Dungeon Crawl Stone Soup version 0.21.0-3-g78d12a8 (webtiles) character file.

52339 zacerdocio the Protected (level 14, -7/139 HPs)
             Began as a Minotaur Berserker on Jan 8, 2018.
             Was a High Priest of Trog.
             Mangled by a tyrant leech (14 damage)
             ... on level 6 of the Lair of Beasts.
             The game lasted 01:58:32 (18435 turns).

zacerdocio the Protected (Minotaur Berserker)      Turns: 18435, Time: 01:58:32

Health: -7/139     AC: 18    Str: 28    XL:     14   Next: 26%
Magic:  0/4        EV: 12    Int:  4    God:    Trog [*****.]
Gold:   1374       SH:  0    Dex:  9    Spells: 13/13 levels left

rFire    + + .     SeeInvis .   V - +7 double sword (antimagic)
rCold    x . .     Gourm    .   (no shield)
rNeg     . . .     Faith    .   u - +4 chain mail {rF+}
rPois    .         Spirit   +   (helmet restricted)
rElec    .         Reflect  .   (no cloak)
rCorr    .         Harm     .   G - +0 pair of gloves
MR       ++...     Clarity  +   (no boots)
Stlth    ..........             w - amulet of guardian spirit
HPRegen  0.33/turn              e - ring of fire
MPRegen  0.09/turn              x - ring of protection from magic

@: slowed, very slow
A: retaliatory headbutt, horns 2, clarity, high mp 1, robust 1
a: Berserk, Trog's Hand, Brothers in Arms, Burn Spellbooks, Renounce Religion


You were on level 6 of the Lair of Beasts.
You worshipped Trog.
Trog was extremely pleased with you.
You were not hungry.

You visited 3 branches of the dungeon, and saw 18 of its levels.
You also visited: Ossuary and Volcano.

You collected 1444 gold pieces.
You spent 70 gold pieces at shops.

Inventory:

Hand Weapons
 r - a +0 scythe of venom
 v - a +3 antimagic glaive
 y - a +3 spear of flaming
 E - a +2 dagger of chaos
 F - a +0 scimitar of flaming
 I - a +2 vampiric short sword
 V - a +7 antimagic double sword (weapon)
Missiles
 z - a tomahawk (quivered)
 Q - 4 poisoned javelins
 U - 2 needles of confusion
Armour
 u - a +4 chain mail of fire resistance (worn)
 G - a +0 pair of gloves (worn)
 X - +0 ice dragon scales
Jewellery
 e - a ring of fire (left hand)
 l - an uncursed amulet of regeneration
 p - an uncursed amulet of magic regeneration
 w - an amulet of guardian spirit (around neck)
 x - a ring of protection from magic (right hand)
 L - a cursed ring of teleportation {unknown}
 M - an uncursed ring of flight {unknown}
 P - a cursed ring of teleportation {unknown}
 T - a +2 ring of evasion {unknown}
Wands
 i - a wand of enslavement (13)
 o - a wand of paralysis (30)
 q - a wand of iceblast (7)
 s - a wand of flame (35)
 D - a wand of digging (14)
 H - a wand of disintegration (4)
 K - a wand of acid (9)
 R - a wand of random effects (35)
Scrolls
 f - 5 scrolls of blinking
 h - 9 scrolls of teleportation
 j - 7 scrolls of identify
 k - a scroll of enchant armour
 m - a scroll of enchant weapon
 t - 5 scrolls of remove curse
 A - a scroll of magic mapping
 J - 2 scrolls of fog
Potions
 a - a potion of berserk rage {unknown}
 b - a potion of degeneration {unknown}
 d - 11 potions of curing
 g - a potion of agility
 n - 4 potions of lignification
 B - 4 potions of resistance
 C - 3 potions of brilliance
 N - a potion of cancellation
 O - a potion of might
 S - a potion of haste
Comestibles
 c - 24 rations
 W - 13 chunks of flesh


   Skills:
 + Level 12.6 Fighting
 + Level 10.1(11.7) Short Blades
 + Level 10.6(12.4) Long Blades
   Level 1.8 Maces & Flails
 + Level 11.2 Polearms
 + Level 10.0 Throwing
 + Level 14.3 Armour
 + Level 6.6 Dodging
 + Level 2.3 Stealth
 + Level 0.6 Evocations


You had 13 spell levels left.
You didn't know any spells.

Dungeon Overview and Level Annotations

Branches:
Dungeon (11/15)            Temple (1/1) D:6            Lair (6/6) D:10
 Shoals (0/4) Lair:4       Spider (0/4) Lair:4        Slime (0/5) Lair:6
    Orc (0/2) D:9

Altars:
Ashenzari
Cheibriados
Dithmenos
Elyvilon
Fedhas
Gozag
Hepliaklqana
Makhleb
Okawaru
Ru
Sif Muna
Trog
Vehumet
Wu Jian
Xom
Yredelemnul
Zin
The Shining One

Shops:
D:4 %

Portals:
Trove: D:11 (lose all piety)

Annotations:
Lair:5 exclusion: oklob plant
Lair:6 exclusion: oklob plant


Innate Abilities, Weirdness & Mutations

You reflexively headbutt those who attack you in melee.
You have a pair of horns on your head.
You possess an exceptional clarity of mind.
You have an increased reservoir of magic. (+10% MP)
You are robust. (+10% HP)


Message History

Found 19 poisoned needles.
A torpor snail comes into view.
Being near the torpor snail leaves you feeling lethargic.
You barely miss the tyrant leech. Your headbutt misses the tyrant leech.
The tyrant leech bites you!!
The tyrant leech draws strength from your injuries!
You slice the tyrant leech!!
The tyrant leech is heavily wounded.
The tyrant leech bites you!!
* * * LOW HITPOINT WARNING * * *
The tyrant leech draws strength from your injuries!
You miss the tyrant leech.
You headbutt the tyrant leech, but do no damage.
The tyrant leech is lightly wounded.
The tyrant leech bites you!!
* * * LOW HITPOINT WARNING * * *
The tyrant leech draws strength from your injuries!
A torpor snail comes into view.
The tyrant leech bites you!
You die...

## #####
#.##...###
###.......####
#....###.@w..##
###...##
##.....#
#.⌠.##.#
###.w...#
##...###
#.#.....#
###'#...##
##.#w.(...
##..####..#
###...(.
##.÷..# #..##
#.... #.....#
##..## ..##
#....## #...#
#.


You could see a tyrant leech and 2 torpor snails.

Vanquished Creatures
  The ghost of wazuzu the Carver, a journeyman HaFi of the Shining One (Lair:6)
  A fire dragon (Volcano)
  6 hydras
  A catoblepas (Lair:4)
  An ice dragon (Lair:6)
  Erica (D:8)
  2 two-headed ogres (Volcano)
  8 death yaks
  A skeletal warrior (D:11)
  An unseen horror (D:10)
  A lindwurm (Lair:6)
  A cyclops (D:11)
  A manticore (D:11)
  3 salamanders (Volcano)
  A guardian serpent (Lair:6)
  Psyche (D:8)
  10 black mambas
  A gargoyle (D:10)
  3 torpor snails (Lair:6)
  7 spiny frogs
  A kobold demonologist (D:11)
  9 komodo dragons
  2 rime drakes (Lair:5)
  A tyrant leech (Lair:6)
  4 trolls
  Prince Ribbit (D:11)
  6 hornets
  9 hippogriffs
  A shadow (D:10)
  A tarantella (Lair:4)
  A redback (Lair:6)
  Sigmund (D:3)
  26 yaks
  A human (D:8)
  12 wyverns
  4 basilisks
  8 fire bats
  2 hungry ghosts
  3 steam dragons (Volcano)
  2 wargs (D:9)
  11 porcupines
  16 water moccasins
  An ice beast (D:11)
  8 orc warriors
  2 black bears
  2 sky beasts (D:11)
  2 ogres
  6 necrophages
  11 wolves
  A phantom (D:9)
  5 centaurs
  22 crocodiles
  2 big kobolds (D:11)
  6 bullfrogs
  A gnoll sergeant (D:5)
  A water moccasin zombie (D:11)
  A wyvern zombie (D:10)
  A wyvern skeleton (D:9)
  5 scorpions
  A water moccasin skeleton (D:9)
  5 killer bees (D:8)
  4 howler monkeys
  4 crimson imps
  A centaur zombie (D:11)
  3 bullfrog zombies
  3 centaur skeletons
  A hound (D:9)
  4 orc priests
  8 jellies
  11 orc wizards
  3 bullfrog skeletons
  Ijyb (D:3)
  An iguana (D:7)
  6 worker ants
  A hound zombie (D:6)
  A hound skeleton (D:7)
  A howler monkey zombie (D:7)
  18 adders
  15 gnolls
  2 shadow imps
  2 oozes
  An adder skeleton (D:6)
  4 worms
  4 dart slugs
  5 leopard geckos
  44 orcs
  A ball python (D:1)
  5 bats
  3 giant cockroaches
  9 goblins
  9 hobgoblins
  10 jackals
  11 kobolds
  6 quokkas
  A ball python skeleton (D:3)
  4 frilled lizards
  2 leopard gecko skeletons
  A leopard gecko zombie (D:6)
  A quokka skeleton (D:6)
  A quokka zombie (D:9)
  8 rats
  A plant (Lair:5)
478 creatures vanquished.

Vanquished Creatures (collateral kills)
  A two-headed ogre (D:9)
  2 skeletal warriors (D:11)
  A redback (Lair:6)
  2 wyverns (Lair:6)
  A water moccasin (Lair:6)
  An orc warrior (D:11)
8 creatures vanquished.

Vanquished Creatures (others)
  A komodo dragon (Lair:6)
  A wyvern (Volcano)
  3 bushes
  19 fungi
  64 plants
88 creatures vanquished.

Grand Total: 574 creatures vanquished

Notes
Turn   | Place    | Note
-------+----------+-------------------------------------------
     0 | D:1      | zacerdocio the Minotaur Berserker began the quest for the Orb.
     0 | D:1      | Reached XP level 1. HP: 19/19 MP: 0/0
    68 | D:1      | Reached XP level 2. HP: 21/27 MP: 1/1
   331 | D:1      | Reached XP level 3. HP: 33/33 MP: 2/2
   351 | D:1      | Reached ** piety under Trog
   698 | D:2      | Reached XP level 4. HP: 31/41 MP: 3/3
   978 | D:2      | Reached skill level 5 in Long Blades
  1646 | D:3      | Reached XP level 5. HP: 40/47 MP: 4/4
  1652 | D:3      | Reached *** piety under Trog
  1655 | D:3      | Reached skill level 5 in Fighting
  1687 | D:3      | Noticed Sigmund
  1701 | D:3      | Killed Sigmund
  1701 | D:3      | Reached skill level 1 in Maces & Flails
  1701 | D:3      | Reached skill level 1 in Stealth
  1701 | D:3      | Reached XP level 6. HP: 21/56 MP: 5/5
  2062 | D:3      | Noticed Ijyb
  2066 | D:3      | Killed Ijyb
  2408 | D:4      | Found Fometwux's Food Shoppe.
  2412 | D:4      | Bought a ration for 70 gold pieces
  2506 | D:4      | Reached skill level 1 in Polearms
  2818 | D:4      | Reached XP level 7. HP: 61/63 MP: 6/6
  3102 | D:4      | Gained mutation: You possess an exceptional clarity of mind. [potion of mutation]
  3102 | D:4      | Gained mutation: You have an increased reservoir of magic. (+10% MP) [potion of mutation]
  3102 | D:4      | Gained mutation: You are robust. (+10% HP) [potion of mutation]
  3143 | D:4      | Reached skill level 3 in Armour
  3425 | D:5      | Entered Level 5 of the Dungeon
  3484 | D:5      | Reached skill level 1 in Throwing
  3572 | D:5      | Reached **** piety under Trog
  4228 | D:6      | Reached skill level 4 in Armour
  4269 | D:6      | Reached XP level 8. HP: 78/78 MP: 7/7
  4271 | D:6      | Reached skill level 5 in Polearms
  4282 | D:6      | Found a staircase to the Ecumenical Temple.
  4845 | Temple   | Entered the Ecumenical Temple
  5201 | D:6      | Found a blossoming altar of Fedhas.
  5486 | D:7      | Reached skill level 5 in Armour
  5614 | D:7      | Found a sand-covered staircase.
  5619 | Ossuary  | Entered an ossuary
  6214 | D:8      | Reached skill level 6 in Armour
  6244 | D:8      | Reached XP level 9. HP: 75/86 MP: 6/8
  6263 | D:8      | Reached ***** piety under Trog
  6470 | D:8      | Noticed Psyche
  6475 | D:8      | Killed Psyche
  6494 | D:8      | Noticed Prince Ribbit
  6523 | D:8      | Noticed Erica
  6533 | D:8      | Killed Erica
  6533 | D:8      | Reached skill level 7 in Armour
  6560 | D:8      | Found a burning altar of Makhleb.
  6561 | D:8      | Found an iron altar of Okawaru.
  6873 | D:8      | Found a deep blue altar of Sif Muna.
  7183 | D:9      | Reached skill level 5 in Dodging
  7264 | D:9      | Noticed a two-headed ogre
  7267 | D:9      | Killed a two-headed ogre
  7267 | D:9      | Reached skill level 8 in Armour
  7267 | D:9      | Reached XP level 10. HP: 99/99 MP: 10/10
  7348 | D:9      | Found a radiant altar of Vehumet.
  7590 | D:9      | Found a staircase to the Orcish Mines.
  7630 | D:9      | Reached skill level 10 in Polearms
  7799 | D:10     | Entered Level 10 of the Dungeon
  7876 | D:10     | Reached skill level 5 in Throwing
  7893 | D:10     | Noticed a gargoyle
  7902 | D:10     | Killed a gargoyle
  7902 | D:10     | Reached skill level 9 in Armour
  8146 | D:10     | Received a gift from Trog
  8310 | D:10     | Found a blossoming altar of Fedhas.
  8341 | D:10     | Found a staircase to the Lair.
  8347 | D:10     | Reached skill level 1 in Short Blades
  8357 | D:10     | Killed an unseen horror
  8357 | D:10     | Reached skill level 10 in Armour
  8357 | D:10     | Reached XP level 11. HP: 43/106 MP: 5/11
  8840 | D:11     | Noticed an eight-headed hydra
  8854 | D:11     | Killed an eight-headed hydra
  8978 | D:11     | Killed Prince Ribbit
  9433 | D:11     | Reached skill level 5 in Short Blades
  9503 | D:11     | Reached skill level 11 in Armour
  9510 | D:11     | Found a portal to a secret trove of treasure.
  9621 | D:11     | Noticed a skeletal warrior
  9623 | D:11     | Noticed a skeletal warrior
  9626 | D:11     | Noticed a skeletal warrior
  9666 | D:11     | Killed a skeletal warrior
  9672 | D:11     | Killed a skeletal warrior
  9672 | D:11     | Reached skill level 10 in Fighting
  9674 | D:11     | HP: 8/162 [skeletal warrior/long sword[a skeletal warrior] (4)]
  9676 | D:11     | Killed a skeletal warrior
 10664 | Lair:1   | Entered Level 1 of the Lair of Beasts
 10753 | Lair:1   | Reached XP level 12. HP: 63/116 MP: 8/12
 11185 | Lair:1   | Received a gift from Trog
 11322 | Lair:1   | Reached skill level 12 in Armour
 11764 | Lair:2   | Noticed a seven-headed hydra
 11774 | Lair:2   | Killed a seven-headed hydra
 11992 | Lair:2   | Noticed a five-headed hydra
 12001 | Lair:2   | Killed a five-headed hydra
 12626 | Lair:3   | Noticed a death yak
 12626 | Lair:3   | Noticed a death yak
 12626 | Lair:3   | Noticed a death yak
 12626 | Lair:3   | Noticed a death yak
 12630 | Lair:3   | Noticed a death yak
 12645 | Lair:2   | Killed a death yak
 12662 | Lair:2   | Killed a death yak
 12900 | Lair:2   | Killed a death yak
 12905 | Lair:2   | Killed a death yak
 12905 | Lair:2   | Received a gift from Trog
 12911 | Lair:2   | Killed a death yak
 13239 | Lair:3   | Reached skill level 13 in Armour
 14079 | Lair:4   | Noticed a catoblepas
 14103 | Lair:4   | Killed a catoblepas
 14337 | Lair:4   | Reached XP level 13. HP: 126/126 MP: 13/13
 14374 | Lair:4   | Found a staircase to the Shoals.
 14525 | Lair:4   | Found a hole to the Spider Nest.
 15158 | Lair:5   | Received a gift from Trog
 15273 | Lair:5   | Found a dark tunnel.
 15283 | Volcano  | Entered a volcano
 15439 | Volcano  | Received a gift from Trog
 15503 | Volcano  | Reached skill level 10 in Short Blades
 15602 | Volcano  | Noticed a fire dragon
 15635 | Volcano  | Killed a fire dragon
 16298 | Lair:6   | Entered Level 6 of the Lair of Beasts
 16447 | Lair:6   | Reached skill level 14 in Armour
 16602 | Lair:6   | Noticed wazuzu's ghost (journeyman HaFi)
 16614 | Lair:6   | Killed wazuzu's ghost
 17249 | Lair:6   | Paralysed by a hornet for 2 turns
 17316 | Lair:6   | Reached XP level 14. HP: 84/138 MP: 4/14
 17319 | Lair:6   | Found a staircase to the Slime Pits.
 17384 | Lair:6   | Reached skill level 10 in Throwing
 17858 | Lair:6   | Reached skill level 10 in Long Blades
 17885 | Lair:6   | Received a gift from Trog
 18366 | Lair:6   | Found a runed door.
 18432 | Lair:6   | HP: 6/139 [tyrant leech (21)]
 18435 | Lair:6   | Mangled by a tyrant leech

Skill      XL: |  1  2  3  4  5  6  7  8  9 10 11 12 13 14 |
---------------+-------------------------------------------+-----
Long Blades    | 4 5 6 9 10 | 10.6
Fighting       | 4 5 6 7 8 9 10 11 12 | 12.6
Maces & Flails | 1 |  1.8
Dodging        | 3 4 5 6 |  6.6
Stealth        | 1 2 |  2.3
Polearms       | 1 4 7 9 11 | 11.2
Armour         | 4 6 8 10 11 13 14 | 14.3
Throwing       | 1 2 4 5 6 8 9 10 | 10.0
Short Blades   | 1 7 9 10 | 10.1
Evocations     | |  0.6

Action                   |  1- 3 |  4- 6 |  7- 9 | 10-12 | 13-15 || total
-------------------------+-------+-------+-------+-------+-------++-------
Melee: Falchion          |    59 |    59 |       |       |       ||   118
       Headbutt          |    16 |    29 |    40 |   195 |   107 ||   387
       Mace              |       |    18 |       |       |       ||    18
       Scythe            |       |    81 |    66 |       |       ||   147
       Spear             |       |       |   208 |   128 |       ||   336
       Short sword       |       |       |       |   583 |   172 ||   755
       Double sword      |       |       |       |       |   221 ||   221
Throw: Tomahawk          |       |     9 |    42 |   157 |    92 ||   300
       Javelin           |       |       |       |       |    15 ||    15
Invok: Berserk           |     1 |     3 |     7 |    15 |     7 ||    33
       Burn Spellbooks   |       |       |     1 |     2 |       ||     3
       Brothers in Arms  |       |       |     1 |     1 |     1 ||     3
Evoke: Wand              |       |     1 |       |     4 |       ||     5
  Use: Potion            |     2 |     2 |     7 |     2 |     1 ||    14
       Scroll            |     3 |     3 |    12 |    11 |     3 ||    32
 Stab: Paralysed         |       |     2 |       |       |       ||     2
  Eat: Chunk             |       |    10 |    14 |    29 |    14 ||    67
       Ration            |       |       |     2 |     4 |     2 ||     8
Armor: Animal skin       |     4 |    17 |       |       |       ||    21
       Chain mail        |       |    68 |   150 |   290 |   191 ||   699
Dodge: Dodged            |    38 |   109 |   145 |   292 |   229 ||   813
       Rpst.: Falchion   |    11 |    12 |       |       |       ||    23
       Double sword      |       |       |       |       |    45 ||    45
